 Dungeon Crawl Stone Soup version 0.20-a0-640-g62ed22f (webtiles) character file.

3375 polly the Grappler (level 9, -7/83 HPs)
             Began as a Troll Fighter on Feb 12, 2017.
             Was a Believer of Okawaru.
             Killed from afar by an electric eel (12 damage)
             ... with a bolt of electricity
             ... on level 7 of the Dungeon.
             The game lasted 00:10:23 (5570 turns).

polly the Grappler (Troll Fighter)                  Turns: 5570, Time: 00:10:24

Health: -7/83      AC:  9    Str: 29    XL:     9   Next: 74%
Magic:  8/8        EV: 10    Int:  4    God:    Okawaru [**....]
Gold:   340        SH: 12    Dex:  9    Spells: 8/8 levels left

rFire    . . .     SeeInvis .     - Unarmed
rCold    . . .     Gourm    +   a - +0 robe
rNeg     . . .     Faith    .   i - +2 shield {AC+3}
rPois    .         Spirit   .   (helmet restricted)
rElec    .         Reflect  .   g - +0 cloak
rCorr    .         Harm     .   (gloves unavailable)
MR       .....                  (boots unavailable)
Stlth    +.........             (no amulet)
Regen    0.7/turn               (no ring)
MPRegen  0.2/turn               (no ring)

@: no status effects
A: unfitting armour, claws 3, fast metabolism 3, gourmand, regeneration 1,
shaggy fur 1, tough skin 2
a: Heroism, Renounce Religion


You were on level 7 of the Dungeon.
You worshipped Okawaru.
Okawaru was pleased with you.
You were completely stuffed.

You visited 2 branches of the dungeon, and saw 8 of its levels.

You collected 340 gold pieces.

Inventory:

Armour
 a - a +0 robe (worn)
 g - a +0 cloak (worn)
 i - a +2 shield of protection (worn)
Jewellery
 l - an uncursed amulet of the gourmand {unknown}
 m - a cursed ring of poison resistance {unknown}
 w - a +4 ring of intelligence {unknown}
 x - an uncursed ring of protection from magic {unknown}
 y - an uncursed amulet of harm {unknown}
 F - an uncursed ring of stealth {unknown}
Wands
 j - a wand of random effects (18/48)
Scrolls
 c - 2 scrolls of fog {unknown}
 f - 4 scrolls of teleportation {unknown}
 n - 2 scrolls of enchant armour {unknown}
 o - a scroll of magic mapping {unknown}
 q - 11 scrolls of identify {unknown}
 s - a scroll of remove curse {unknown}
 z - 2 scrolls of random uselessness {unknown}
 B - 2 scrolls of recharging {unknown}
 G - a scroll of enchant weapon {unknown}
 H - a scroll of immolation {unknown}
Potions
 b - 4 potions of flight {unknown}
 e - a potion of ambrosia {unknown}
 h - a potion of haste {unknown}
 r - a potion of mutation {unknown}
 t - a potion of lignification {unknown}
 u - 2 potions of agility {unknown}
 v - a potion of degeneration {unknown}
 A - a potion of berserk rage {unknown}
 C - 4 potions of curing
 D - 2 potions of heal wounds
Books
 E - a book of Minor Magic

   Spells                             Type                      Level
   a - Magic Dart                     Conjuration                  1
   b - Blink                          Translocation                2
   c - Call Imp                       Summoning                    2
   d - Slow                           Hexes                        2
   e - Conjure Flame                  Conjuration/Fire             3
   f - Mephitic Cloud                 Conjuration/Poison/Air       3
Comestibles
 d - 5 bread rations
 k - 2 royal jellies
 p - 11 fruits


   Skills:
 + Level 3.3 Fighting
 + Level 5.3 Dodging
 - Level 0.5 Stealth
 + Level 5.4 Shields
 * Level 10.8 Unarmed Combat


You had 8 spell levels left.
You didn't know any spells.

Dungeon Overview and Level Annotations

Branches:
Dungeon (7/15)             Temple (1/1) D:6

Altars:
Ashenzari
Cheibriados
Dithmenos
Elyvilon
Fedhas
Gozag
Hepliaklqana
Kikubaaqudgha
Makhleb
Nemelex Xobeh
Okawaru
Qazlal
Ru
Sif Muna
Trog
Uskayaw
Vehumet
Xom
Yredelemnul
Zin
The Shining One


Innate Abilities, Weirdness & Mutations

You are too large for most types of armour.
You have claws for hands.
Your metabolism is lightning-fast.
You like to eat raw meat.
Your natural rate of healing is unusually fast.
You are covered in fur. (AC +1)
You have very tough skin. (AC +2)


Message History

* * * LOW HITPOINT WARNING * * *
You closely miss the electric eel.
The electric eel is severely wounded.
The electric eel shoots out a bolt of lightning at you!
The bolt of electricity hits you!
* * * LOW HITPOINT WARNING * * *
The bolt of electricity hits you!
* * * LOW HITPOINT WARNING * * *
The bolt of electricity hits the electric eel.
The electric eel completely resists.
The electric eel shoots out a bolt of lightning at you!
The bolt of electricity hits you!
* * * LOW HITPOINT WARNING * * *
You feel much better.
The electric eel shoots out a bolt of lightning at you!
The bolt of electricity hits you!
* * * LOW HITPOINT WARNING * * *
The electric eel shoots out a bolt of lightning at you!
The bolt of electricity hits you!
You die...

#######
###..≈≈≈##
#####≈≈.####≈##
##..≈)≈##+ ##.#
#..##### #.#
###'..##.....#.#
#.....#.≈.≈≈#≈#
##
#..@..#≈.≈≈.#≈#
...
#P..;P#|?:y.#≈#
...
#≈.P;.#;;ry≈#≈#
#$$.!≈##y;y##≈#
#≈;%≈≈######≈##
###≈≈≈##≈≈†..##
##.#####≈######
#..'..≈≈##
#..######


You could see 3 electric eels.

Vanquished Creatures
  A two-headed ogre (D:7)
  Pikel (D:4)
  Grinder (D:5)
  A hippogriff (D:7)
  Sigmund (D:6)
  Eustachio (D:6)
  Menkaure (D:4)
  An orc warrior (D:7)
  A sky beast (D:7)
  2 slaves (D:4)
  The ghost of Chodeload the Shield-Bearer, an amateur DDFi (D:3)
  2 phantoms
  An ogre (D:7)
  2 centaurs (D:7)
  4 bullfrogs
  Blork the orc (D:6)
  A water moccasin zombie (D:7)
  A scorpion (D:4)
  A wyvern skeleton (D:6)
  3 crimson imps (D:7)
  A bullfrog zombie (D:6)
  A hound (D:5)
  2 orc priests
  A jelly (D:7)
  Jessica (D:3)
  Natasha (thrice) (D:4)
  An iguana (D:5)
  4 orc wizards
  3 worker ants
  A hound skeleton (D:4)
  A worker ant zombie (D:7)
  4 adders
  An ooze (D:1)
  2 adder skeletons
  4 worms
  A dart slug (D:1)
  6 leopard geckos
  10 orcs
  6 bats
  7 giant cockroaches
  16 goblins
  5 hobgoblins
  A jackal (D:4)
  A quokka (D:6)
  2 ball pythons
  A ball python skeleton (D:4)
  5 frilled lizards
  A giant cockroach zombie (D:6)
  A jackal skeleton (D:4)
  8 kobolds
  A leopard gecko skeleton (D:5)
  A quokka zombie (D:5)
  7 rats
138 creatures vanquished.

Vanquished Creatures (others)
  2 slaves (D:4)
  A quasit (D:6)
  An ooze (D:6)
  4 plants (D:7)
8 creatures vanquished.

Grand Total: 146 creatures vanquished

Notes
Turn   | Place    | Note
-------+----------+-------------------------------------------
     0 | D:1      | polly the Troll Fighter began the quest for the Orb.
     0 | D:1      | Reached XP level 1. HP: 22/22 MP: 0/0
    84 | D:1      | Reached XP level 2. HP: 29/29 MP: 1/1
   745 | D:2      | Reached XP level 3. HP: 36/36 MP: 2/2
  1583 | D:3      | Noticed Jessica
  1600 | D:3      | Killed Jessica
  1600 | D:3      | Reached skill level 3 in Unarmed Combat
  1600 | D:3      | Reached XP level 4. HP: 35/44 MP: 3/3
  1676 | D:3      | Noticed Chodeload's ghost (amateur DDFi)
  1709 | D:3      | Killed Chodeload's ghost
  1709 | D:3      | Reached skill level 4 in Unarmed Combat
  1709 | D:3      | Reached XP level 5. HP: 19/52 MP: 4/4
  2367 | D:4      | Noticed Natasha
  2382 | D:4      | Killed Natasha
  2382 | D:4      | Reached XP level 6. HP: 57/59 MP: 5/5
  2508 | D:4      | Reached skill level 5 in Unarmed Combat
  2554 | D:4      | Noticed Menkaure
  2556 | D:4      | Noticed a slave
  2557 | D:4      | Noticed Pikel
  2564 | D:4      | Noticed a slave
  2566 | D:4      | Noticed a slave
  2568 | D:4      | Noticed a slave
  2571 | D:4      | Killed a slave
  2580 | D:4      | Noticed Natasha
  2588 | D:4      | Killed Natasha
  2590 | D:4      | HP: 1/59 [slave[Pikel] (7)]
  2593 | D:4      | Killed a slave
  2596 | D:4      | Noticed Natasha
  2598 | D:4      | Killed Pikel
  2598 | D:4      | Reached XP level 7. HP: 21/66 MP: 6/6
  2602 | D:4      | Killed Menkaure
  2604 | D:4      | Killed Natasha
  2604 | D:4      | Reached skill level 6 in Unarmed Combat
  3016 | D:5      | Entered Level 5 of the Dungeon
  3370 | D:5      | Noticed Grinder
  3379 | D:5      | Killed Grinder
  3379 | D:5      | Reached skill level 7 in Unarmed Combat
  3541 | D:5      | Reached XP level 8. HP: 65/75 MP: 7/7
  4051 | D:6      | Noticed Sigmund
  4058 | D:6      | Killed Sigmund
  4081 | D:6      | Noticed Eustachio
  4097 | D:6      | Killed Eustachio
  4097 | D:6      | Reached skill level 8 in Unarmed Combat
  4183 | D:6      | Noticed Blork the orc
  4192 | D:6      | Killed Blork the orc
  4737 | D:6      | Found a staircase to the Ecumenical Temple.
  4789 | Temple   | Entered the Ecumenical Temple
  4861 | Temple   | Became a worshipper of Warmaster Okawaru
  4994 | D:7      | Reached skill level 9 in Unarmed Combat
  5031 | D:7      | Reached XP level 9. HP: 23/83 MP: 8/8
  5256 | D:7      | Reached skill level 5 in Shields
  5389 | D:7      | Reached * piety under Okawaru
  5415 | D:7      | Reached skill level 10 in Unarmed Combat
  5440 | D:7      | Reached skill level 5 in Dodging
  5490 | D:7      | Noticed a two-headed ogre
  5499 | D:7      | Killed a two-headed ogre
  5499 | D:7      | Reached ** piety under Okawaru
  5569 | D:7      | HP: 3/83 [electric eel/bolt of electricity (9)]
  5570 | D:7      | Killed from afar by an electric eel

Vault maps used:
D:1:      dpeg_arrival_fog
D:2:      kennysheep_the_goblin_king
D:3:      minmay_goblin_kobold_house, uniq_jessica
D:4:      first_bread, uniq_pikel, uniq_menkaure, uniq_natasha
D:5:      uniq_grinder
D:6:      lemuel_temple_firewalk_b, kennysheep_generic_room_13, uniq_eustachio,
          uniq_blork_the_orc, uniq_sigmund
D:7:      cheibrodos_two_vegetables
Temple:   compressed_dpeg_circular_temple

Skill      XL: |  1  2  3  4  5  6  7  8  9 |
---------------+----------------------------+-----
Dodging        | 3 4 5 |  5.3
Shields        | 3 4 5 |  5.4
Unarmed Combat | 3 4 5 7 9 10 | 10.8
Fighting       | 3 |  3.3
Stealth        | |  0.5

Action                   |  1- 3 |  4- 6 |  7- 9 || total
-------------------------+-------+-------+-------++-------
Melee: Unarmed           |   105 |   147 |   214 ||   466
  Use: Potion            |       |     6 |     1 ||     7
 Stab: Sleeping          |       |     1 |     1 ||     2
       Distracted        |       |       |     1 ||     1
  Eat: Chunk             |    16 |     4 |    27 ||    47
       Meat ration       |       |       |     2 ||     2
Armor: Robe              |    49 |    33 |    69 ||   151
Dodge: Dodged            |    45 |    28 |    54 ||   127
Block: Shield            |    79 |    80 |   123 ||   282
